 Dungeon Crawl Stone Soup version 0.23.2-11-gf996548c65 (webtiles) character file.

Game seed: 263766752137195644

13223 turlogh the Basher (level 11, -12/151 HPs)
             Began as a Minotaur Berserker on June 5, 2019.
             Was a High Priest of Trog.
             Mangled by a komodo dragon (15 damage)
             ... on level 2 of the Lair of Beasts.
             The game lasted 01:45:36 (10715 turns).

turlogh the Basher (Minotaur Berserker)            Turns: 10715, Time: 01:45:39

Health: -12/151    AC: 18    Str: 27    XL:     11   Next: 72%
Magic:  11/11      EV: 12    Int:  4    God:    Trog [*****.]
Gold:   1205       SH:  0    Dex: 13    Spells: 10/10 levels left

rFire    + . .     SeeInvis .   x - +3 halberd (venom)
rCold    . . .     Gourm    .   (shield currently unavailable)
rNeg     . . .     Faith    .   j - +3 chain mail
rPois    .         Spirit   .   (helmet restricted)
rElec    .         Reflect  .   z - +2 cloak
rCorr    .         Harm     .   (no gloves)
MR       .....                  (no boots)
Stlth    ..........             C - amulet of regeneration
HPRegen  0.75/turn              y - ring of protection from fire
MPRegen  0.12/turn              (no ring)

@: berserking (expiring), lethally poisoned (-12 -> -37), slowed
A: retaliatory headbutt, horns 2
a: Berserk, Trog's Hand, Brothers in Arms, Renounce Religion


You were on level 2 of the Lair of Beasts.
You worshipped Trog.
Trog was extremely pleased with you.
You were very hungry.

You visited 3 branches of the dungeon, and saw 12 of its levels.
You also visited: Ossuary and Bailey.

You collected 1205 gold pieces.

Inventory:

Hand Weapons
 o - a +3 morningstar
 x - a +3 halberd of venom (weapon)
 A - a +0 shortbow
Missiles
 a - 42 poisoned needles
 B - 63 arrows (quivered)
Armour
 j - a +3 chain mail (worn)
 p - a +1 cloak of magic resistance
 z - a +2 cloak (worn)
Jewellery
 d - an uncursed amulet of the acrobat
 y - a ring of protection from fire (left hand)
 C - an amulet of regeneration (around neck)
Wands
 b - a wand of flame (23)
 u - a wand of disintegration (5)
 v - a wand of iceblast (12)
 G - a wand of paralysis (5)
 I - a wand of enslavement (3)
Scrolls
 e - 5 scrolls of remove curse
 g - 9 scrolls of teleportation
 h - 3 scrolls of magic mapping
 i - a scroll of immolation
 k - 3 scrolls of blinking
 l - a scroll of vulnerability {unknown}
 n - a scroll of fog
 r - a scroll of summoning
 t - 2 scrolls of amnesia
 D - a scroll of torment
 F - a scroll of acquirement {unknown}
 J - 2 scrolls of identify
Potions
 f - 3 potions of invisibility {unknown}
 m - 8 potions of curing
 q - 2 potions of mutation
 s - 2 potions of lignification
 w - a potion of agility {unknown}
 E - 4 potions of berserk rage
 H - a potion of heal wounds {unknown}
 L - a potion of flight {unknown}
Comestibles
 c - 8 rations


   Skills:
 + Level 10.5 Fighting
 + Level 13.5 Maces & Flails
 + Level 8.1 Polearms
 + Level 10.5 Armour
 + Level 6.5 Dodging
 + Level 1.8 Stealth
 + Level 2.1 Evocations


You had 10 spell levels left.
You didn't know any spells.
Your spell library contained the following spells:

 Spells                   Type           Power        Failure   Level  Hunger
 Animate Skeleton         Necr           N/A          94%         1    ##.....
 Confusing Touch          Hex            #.....       94%         1    ##.....
 Infusion                 Chrm           #...         94%         1    ##.....
 Magic Dart               Conj           #...         94%         1    ##.....
 Pain                     Necr           #...         94%         1    ##.....
 Sting                    Conj/Pois      #...         94%         1    ##.....
 Searing Ray              Conj           #.....       98%         2    ###....
 Confuse                  Hex            #.......     100%        3    ####...
 Dazzling Spray           Conj/Hex       #.....       100%        3    ####...
 Gell's Gravitas          Tloc           #.........   100%        3    ####...
 Regeneration             Chrm/Necr      #.........   100%        3    ####...
 Vampiric Draining        Necr           #.........   100%        3    ####...
 Animate Dead             Necr           N/A          100%        4    #####..
 Force Lance              Conj/Tloc      #.......     100%        4    #####..
 Fulminant Prism          Conj/Hex       #.........   100%        4    #####..
 Iskenderun's Mystic Bla  Conj           #.......     100%        4    #####..
 Petrify                  Tmut/Erth      #.......     100%        4    #####..
 Iskenderun's Battlesphe  Conj/Chrm      #.......     100%        5    ######.
 Metabolic Englaciation   Hex/Ice        #.........   100%        5    ######.
 Yara's Violent Unravell  Hex/Tmut       #.........   100%        5    ######.
 Iron Shot                Conj/Erth      #.........   100%        6    #######
 Ring of Flames           Chrm/Fire      #.........   100%        7    #######


Dungeon Overview and Level Annotations

Branches:
Dungeon (9/15)             Temple (1/1) D:6            Lair (2/6) D:9
  Swamp: Lair:2-4    Shoals: Lair:2-4     Snake: Lair:2-4    Spider: Lair:2-4
    Orc: D:9-12

Altars:
Ashenzari
Cheibriados
Dithmenos
Elyvilon
Fedhas
Gozag
Hepliaklqana
Kikubaaqudgha
Makhleb
Nemelex Xobeh
Okawaru
Qazlal
Ru
Sif Muna
Trog
Uskayaw
Vehumet
Wu Jian
Xom
Yredelemnul
Zin
The Shining One

Annotations:
D:7 3 runed translucent doors, dvd's ghost, novice OgHu


Innate Abilities, Weirdness & Mutations

You reflexively headbutt those who attack you in melee.
You have a pair of horns on your head.


Message History

You kill the spiny frog!
Trog accepts your kill.
Your Polearms skill increases to level 8!
* * * LOW HITPOINT WARNING * * *
You feel very sick. The hippogriff bites you.
* * * LOW HITPOINT WARNING * * *
The hippogriff pecks you but does no damage.
The hippogriff claws you but does no damage.
The komodo dragon closely misses you. The torpor snail completely misses you.
The hippogriff bites you but does no damage.
The hippogriff misses you.
The hippogriff claws you but does no damage.
You hit the komodo dragon.
The komodo dragon is poisoned.
You headbutt the komodo dragon!
The komodo dragon is severely wounded.
* * * LOW HITPOINT WARNING * * *
You feel very sick. The komodo dragon bites you!
You die...

....... #.. ..#
..P.....##.# ..##
.........#.# .P..
...........##..#.##
.........<........#
#.P..P......F......
.......YYY#........
......HYw#..H......
.....Yl@Y.###......
.....#.l..# .#.##.
.P......#..# ...(.
...........# ...##
#..##..#...# .# ..
#.. .... . P.#
.#... ##. ## ...


You could see a torpor snail, a komodo dragon, 2 hippogriffs, 3 yaks, a basilisk
and 3 dream sheep.

Vanquished Creatures
  Harold (D:7)
  A hydra (Lair:1)
  2 two-headed ogres
  The ghost of havocjr3 the Shield-Bearer, a novice GnFi (D:6)
  An elephant (D:9)
  A spiny frog (Lair:2)
  A black mamba (Lair:1)
  A troll (D:8)
  2 hippogriffs (Lair:1)
  Sigmund (D:4)
  2 wyverns
  18 yaks
  A basilisk (D:9)
  2 hungry ghosts (D:8)
  A steam dragon (D:9)
  Duvessa (D:4)
  A water moccasin (Lair:1)
  2 porcupines (Lair:1)
  An ice beast (D:6)
  6 orc warriors
  2 sky beasts
  2 necrophages
  2 phantoms
  3 ogres
  2 centaurs
  4 crocodiles
  Blork the orc (D:4)
  4 bullfrogs
  Dowan (D:4)
  9 scorpions
  3 wights (D:7)
  5 killer bees (D:8)
  A howler monkey (D:4)
  5 crimson imps
  3 centaur zombies
  4 hounds
  2 human zombies (Ossuary)
  4 jellies
  A quasit (D:6)
  2 orc priests
  Crazy Yiuf (D:3)
  6 orc wizards
  3 bullfrog skeletons
  3 centaur skeletons
  8 worker ants
  A big kobold zombie (Ossuary)
  A hound zombie (D:6)
  3 mummies (Ossuary)
  A howler monkey zombie (D:9)
  14 gnolls
  4 scorpion zombies (Ossuary)
  8 adders
  3 shadow imps
  An adder skeleton (D:7)
  An adder zombie (D:7)
  6 dart slugs
  2 leopard geckos
  24 orcs
  2 bats
  9 giant cockroaches
  9 goblins
  7 hobgoblins
  2 jackals (D:3)
  2 kobolds (D:2)
  8 quokkas
  2 ball pythons
  A ball python skeleton (D:4)
  5 frilled lizards
  5 gnoll zombies (Ossuary)
  2 hobgoblin zombies (Ossuary)
  A jackal zombie (D:7)
  A kobold zombie (Ossuary)
  A leopard gecko skeleton (D:6)
  2 orc zombies (Ossuary)
  A quokka skeleton (D:8)
  9 rats
  A fungus (D:3)
267 creatures vanquished.

Notes
Turn   | Place    | Note
-------+----------+-------------------------------------------
     0 | D:1      | turlogh the Minotaur Berserker began the quest for the Orb.
     0 | D:1      | Reached XP level 1. HP: 19/19 MP: 0/0
   348 | D:1      | Reached XP level 2. HP: 21/27 MP: 1/1
   379 | D:1      | Reached skill level 4 in Maces & Flails
   959 | D:2      | Reached XP level 3. HP: 29/33 MP: 2/2
  1393 | D:2      | Reached ** piety under Trog
  1393 | D:2      | Reached skill level 5 in Fighting
  1393 | D:2      | Reached XP level 4. HP: 39/42 MP: 3/3
  2048 | D:3      | Reached XP level 5. HP: 27/48 MP: 4/4
  2390 | D:3      | Reached skill level 5 in Maces & Flails
  2514 | D:3      | Reached XP level 6. HP: 37/56 MP: 5/5
  2906 | D:3      | Found a runed translucent door.
  2907 | D:3      | Noticed Crazy Yiuf
  2916 | D:3      | Killed Crazy Yiuf
  2988 | D:4      | Found a sand-covered staircase.
  2995 | Ossuary  | Entered an ossuary
  3030 | Ossuary  | Reached *** piety under Trog
  3205 | Ossuary  | Reached skill level 6 in Maces & Flails
  3274 | Ossuary  | Reached XP level 7. HP: 40/63 MP: 6/6
  3300 | Ossuary  | Reached skill level 1 in Stealth
  3682 | Ossuary  | Reached skill level 7 in Maces & Flails
  4161 | D:4      | Noticed Blork the orc
  4172 | D:4      | Killed Blork the orc
  4253 | D:4      | Reached skill level 8 in Maces & Flails
  4253 | D:4      | Reached XP level 8. HP: 19/71 MP: 7/7
  4596 | D:4      | Noticed Sigmund
  4621 | D:4      | Killed Sigmund
  4840 | D:4      | Reached skill level 9 in Maces & Flails
  4989 | D:4      | Reached skill level 5 in Armour
  5120 | D:4      | Noticed Dowan
  5124 | D:4      | Noticed Duvessa
  5134 | D:4      | Killed Duvessa
  5134 | D:4      | Reached skill level 5 in Dodging
  5137 | D:4      | Killed Dowan
  5349 | D:4      | Reached **** piety under Trog
  5444 | D:5      | Entered Level 5 of the Dungeon
  5915 | D:6      | Found a staircase to the Ecumenical Temple.
  5920 | D:6      | Reached skill level 10 in Maces & Flails
  5920 | D:6      | Reached XP level 9. HP: 81/81 MP: 8/8
  6254 | D:6      | Found a runed translucent door.
  6318 | D:6      | Noticed havocjr3's ghost (novice GnFi)
  6702 | D:6      | Killed havocjr3's ghost
  6702 | D:6      | Reached skill level 11 in Maces & Flails
  6966 | Temple   | Entered the Ecumenical Temple
  7055 | D:7      | Noticed a two-headed ogre
  7069 | D:7      | Killed a two-headed ogre
  7069 | D:7      | Reached skill level 1 in Evocations
  7433 | D:7      | Reached XP level 10. HP: 91/91 MP: 9/9
  7450 | D:7      | Reached ***** piety under Trog
  7585 | D:7      | Found a runed translucent gate.
  7585 | D:7      | Found a runed translucent gate.
  7586 | D:7      | Found a runed translucent gate.
  7588 | D:7      | Noticed dvd's ghost (novice OgHu)
  7629 | D:7      | Noticed Harold
  7642 | D:7      | Killed Harold
  7642 | D:7      | Reached skill level 12 in Maces & Flails
  8135 | D:8      | Found a flagged portal.
  8246 | Bailey   | Entered a bailey
  8420 | Bailey   | Got a smoking mace
  8424 | Bailey   | Identified the cursed +1 mace of the Foremost Wonders
                  | {speed, rElec} (You found it in a bailey)
  8537 | D:8      | Reached skill level 13 in Maces & Flails
  8663 | D:8      | Received a gift from Trog
  8894 | D:9      | Found a glowing silver altar of Zin.
  8924 | D:9      | Reached skill level 1 in Polearms
  8994 | D:9      | Reached XP level 11. HP: 91/99 MP: 11/11
  9060 | D:9      | Found a staircase to the Lair.
  9160 | D:9      | Reached skill level 10 in Fighting
  9348 | D:9      | Found a white marble altar of Elyvilon.
  9393 | D:9      | Noticed a two-headed ogre
  9402 | D:9      | Killed a two-headed ogre
  9555 | Lair:1   | Entered Level 1 of the Lair of Beasts
  9672 | Lair:1   | Identified the Reference Book on Excruciating Aid
  9766 | Lair:1   | Reached skill level 5 in Polearms
 10224 | Lair:1   | Noticed a five-headed hydra
 10241 | Lair:1   | Killed a ten-headed hydra
 10241 | Lair:1   | Reached skill level 10 in Armour
 10714 | Lair:2   | HP: 6/151 [hippogriff (2)]
 10715 | Lair:2   | Mangled by a komodo dragon

Skill      XL: |  1  2  3  4  5  6  7  8  9 10 11 |
---------------+----------------------------------+-----
Fighting       | 4 5 6 8 9 10 | 10.5
Maces & Flails | 4 5 6 8 10 11 13 | 13.5
Armour         | 3 4 5 7 9 10 | 10.5
Dodging        | 3 4 5 6 |  6.5
Stealth        | 1 |  1.8
Evocations     | 1 2 |  2.1
Polearms       | 2 8 |  8.1

Action                   |  1- 3 |  4- 6 |  7- 9 | 10-12 || total
-------------------------+-------+-------+-------+-------++-------
Melee: Mace              |    74 |   147 |   275 |       ||   496
       Headbutt          |    13 |    36 |    74 |    86 ||   209
       Morningstar       |       |       |    30 |   165 ||   195
       Halberd           |       |       |       |   169 ||   169
Invok: Berserk           |       |     3 |     7 |     7 ||    17
Evoke: Wand              |       |       |     9 |     5 ||    14
  Use: Scroll            |     3 |       |    16 |     5 ||    24
       Potion            |       |       |     1 |     3 ||     4
 Stab: Sleeping          |       |     1 |       |       ||     1
  Eat: Chunk             |     2 |     7 |    13 |    19 ||    41
       Ration            |       |     1 |     1 |       ||     2
Armor: Animal skin       |    10 |       |       |       ||    10
       Leather armour    |    11 |    24 |    24 |       ||    59
       Scale mail        |       |       |    12 |       ||    12
       Chain mail        |       |       |    55 |   250 ||   305
Dodge: Dodged            |    54 |    66 |   147 |   354 ||   621
